 Dungeon Crawl Stone Soup version 0.28.0-45-g0d030f2227 (webtiles) character file.

Game seed: 909216210200233126

78 4FPSwarrior the Stinger (level 4, -1/28 HPs)
             Began as an Octopode Venom Mage on Mar 30, 2022.
             Slain by Natasha (3 damage)
             ... on level 3 of the Dungeon.
             The game lasted 00:07:00 (2860 turns).

4FPSwarrior the Stinger (Octopode Venom Mage)       Turns: 2860, Time: 00:07:00

Health: -1/28      AC:  1    Str:  9    XL:     4   Next: 36%
Magic:  0/7        EV: 13    Int: 17    God:
Gold:   46         SH:  0    Dex: 12    Spells: 5/8 levels left

rFire   . . .      SeeInvis .   (no weapon)
rCold   . . .      Faith    .   (no shield)
rNeg    . . .      Spirit   .   (helmet restricted)
rPois   .          Reflect  .   (no amulet)
rElec   .          Harm     .   (no ring)
rCorr   .          Rampage  .   (no ring)
Will    .....                   (no ring)
Stlth   +++.......              (no ring)
HPRegen 0.09/turn               (no ring)
MPRegen 0.10/turn               (no ring)
                                (no ring)
                                (no ring)

@: very slightly contaminated, slowed, very slow
A: almost no armour, amphibious, 8 rings, camouflage 1, gelatinous body 1,
(nimble swimmer 1), tentacles
a: no special abilities


You were on level 3 of the Dungeon.
You visited 1 branch of the dungeon, and saw 3 of its levels.

You collected 96 gold pieces.
You spent 50 gold pieces at shops.

Inventory:

Hand Weapons
 n - the +11 whip "Keicwen" {venom, Will- Int+3 Dex+4}
   (You found it on level 3 of the Dungeon)

   It poisons the flesh of those it strikes.
   Int:       It affects your intelligence (+3).
   Dex:       It affects your dexterity (+4).
   Will:      It decreases your willpower.
Jewellery
 a - a ring of see invisible
Wands
 k - a wand of acid (2)
Scrolls
 b - 3 scrolls of identify
 c - a scroll of brand weapon {unknown}
 e - a scroll of magic mapping {unknown}
 g - a scroll of teleportation
Potions
 d - a potion of heal wounds {unknown}
 f - a potion of might {unknown}
 h - a potion of flight {unknown}
 i - a potion of attraction {unknown}
 j - a potion of magic {unknown}
 l - a potion of lignification {unknown}
 m - 2 potions of brilliance {unknown}


   Skills:
 + Level 1.3 Fighting
 - Level 2.0 Dodging
 - Level 2.6 Stealth
 + Level 2.5 Spellcasting
 + Level 2.0 Transmutations
 * Level 4.8 Poison Magic


You had 5 spell levels left.
You knew the following spells:

 Your Spells              Type           Power      Damage    Failure   Level
a - Sting                 Tmut/Pois      52%        1d5       4%          1
b - Poisonous Vapours     Pois/Air       20%        N/A       11%         2

Your spell library contained the following spells:

 Spells                   Type           Power      Damage    Failure   Level
 Animate Skeleton         Necr           4%         N/A       19%         1
 Magic Dart               Conj           8%         1d3       19%         1
 Pain                     Necr           8%         1d4       19%         1
 Olgreb's Toxic Radiance  Pois           18%        N/A       26%         4
 Call Imp                 Summ           2%         N/A       28%         2
 Mephitic Cloud           Conj/Pois/Air  7%         N/A       28%         3
 Inner Flame              Hex/Fire       2%         N/A       50%         3
 Vampiric Draining        Necr           2%         2d6       50%         3
 Cause Fear               Hex            1%         N/A       88%         4
 Discord                  Hex            1%         N/A       100%        8


Dungeon Overview and Level Annotations

Branches:
Dungeon (3/15)

Altars:
Makhleb

Shops:
D:2 !?

Annotations:
D:3 Natasha


Innate Abilities, Weirdness & Mutations

You cannot wear most types of armour.
You are amphibious.
You can wear up to eight rings at the same time.
Your skin changes colour to match your surroundings (Stealth+).
Your rubbery body absorbs attacks. (AC +1, EV +1)
((You are camouflaged when in or above water. (Stealth+)))
You have tentacles for arms and can constrict up to eight enemies at once.


Message History

Casting: Sting (safe; 4% risk of failure)
Confirm with . or Enter, or press ? or * to list all spells.
Aiming: Sting (safe; 4% risk of failure)
Press: ? - help, Shift-Dir - straight line, f/p - Natasha
Aim: Natasha (unusually resistant, 64% to hit)
The sting misses Natasha.
Natasha claws you! Natasha barely misses you.
Casting: Sting (safe; 4% risk of failure)
Confirm with . or Enter, or press ? or * to list all spells.
Aiming: Sting (safe; 4% risk of failure)
Press: ? - help, Shift-Dir - straight line, f/p - Natasha
Aim: Natasha (unusually resistant, 64% to hit)
You miscast Sting.
You are very lightly contaminated with residual magic.
Nothing appears to happen.
Natasha claws you.
Casting: Sting (safe; 4% risk of failure)
Confirm with . or Enter, or press ? or * to list all spells.
Aiming: Sting (safe; 4% risk of failure)
Press: ? - help, Shift-Dir - straight line, f/p - Natasha
Aim: Natasha (unusually resistant, 64% to hit)
The sting hits Natasha.
Natasha partially resists.
Natasha is poisoned.
Natasha is lightly wounded.
Natasha mewls in sadness.
Natasha barely misses you. Natasha claws you.
Casting: Sting (safe; 4% risk of failure)
Confirm with . or Enter, or press ? or * to list all spells.
Aiming: Sting (safe; 4% risk of failure)
Press: ? - help, Shift-Dir - straight line, f/p - Natasha
Aim: Natasha (lightly wounded, unusually resistant, poisoned, 64% to hit)
The sting hits Natasha.
Natasha partially resists.
Natasha looks even sicker.
Natasha is moderately wounded.
Natasha claws you!
* * * LOW HITPOINT WARNING * * *
Okay, then.
Casting: Sting (safe; 4% risk of failure)
Confirm with . or Enter, or press ? or * to list all spells.
Aiming: Sting (safe; 4% risk of failure)
Press: ? - help, Shift-Dir - straight line, f/p - Natasha
Aim: Natasha (heavily wounded, unusually resistant, very poisoned, 64% to hit)
The sting misses Natasha.
Natasha claws you.
You die...

.##############.#.#######..
###############............
............††....#######..
################### ###
############.##
#...........#.#
#.##########.########
####.# #.@h...... .....#
########## ######


You could see Natasha (resistant, very poisoned).

Vanquished Creatures
  3 adders
  2 dart slugs (D:1)
  An orc (D:3)
  An endoplasm (D:2)
  2 giant cockroaches (D:1)
  A goblin (D:3)
  9 hobgoblins
  4 jackals (D:3)
  3 quokkas
  2 ball pythons
  7 bats
  3 frilled lizards
  5 kobolds (D:2)
  A rat (D:2)
44 creatures vanquished.

Notes
Turn   | Place    | Note
-------+----------+-------------------------------------------
     0 | D:1      | 4FPSwarrior the Octopode Venom Mage began the quest for the
                  | Orb.
     0 | D:1      | Reached XP level 1. HP: 11/11 MP: 3/3
     2 | D:1      | Noticed a vampire
     2 | D:1      | Noticed a tengu
     4 | D:1      | Noticed a felid
     8 | D:1      | Noticed a demonspawn
     8 | D:1      | Noticed a draconian
    10 | D:1      | Noticed a naga
    12 | D:1      | Noticed a ghoul
    12 | D:1      | Noticed a merfolk
    14 | D:1      | Noticed a gargoyle
    14 | D:1      | Noticed a troll
    16 | D:1      | Noticed an ogre
    16 | D:1      | Noticed a minotaur
    18 | D:1      | Noticed an octopode
    18 | D:1      | Noticed a dwarf
    20 | D:1      | Noticed a formicid
    20 | D:1      | Noticed a demigod
    22 | D:1      | Noticed a spriggan
    22 | D:1      | Noticed a vine stalker
    24 | D:1      | Noticed an elf
    26 | D:1      | Noticed a human
   232 | D:1      | Reached XP level 2. HP: 6/18 MP: 1/5
   549 | D:1      | Reached skill level 4 in Poison Magic
   778 | D:1      | Found a faded altar of an unknown god.
  1074 | D:1      | Reached XP level 3. HP: 22/22 MP: 2/6
  1481 | D:2      | Learned a level 2 spell: Poisonous Vapours
  1606 | D:2      | Reached skill level 1 in Fighting
  1934 | D:2      | Found Yloirgh's Magic Scroll Emporium.
  1943 | D:2      | Bought a scroll of identify for 20 gold pieces
  1943 | D:2      | Bought a scroll of teleportation for 30 gold pieces
  1951 | D:2      | Reached XP level 4. HP: 28/28 MP: 5/7
  2050 | D:2      | Found Ijuem's Distillery.
  2105 | D:2      | Found a burning altar of Makhleb.
  2699 | D:3      | Identified the +11 whip "Keicwen" {venom, Will- Int+3
                  | Dex+4}
  2848 | D:3      | Noticed Natasha
  2860 | D:3      | Slain by Natasha

Illustrated notes

Levels and vault maps discovered:
D:1:      kb_arrival_jail, layout_loops_ring,
          hellmonk_ecumenical_altar_prayer_group, minmay_pentomino_r4
D:2:      layout_rooms, serial_shops, nicolae_shop_crystal,
          nicolae_shop_waterfront, basic_altar, kennysheep_generic_room_9
D:3:      layout_loops_ring, minmay_misc_feat_doors, nrook_loot_triangle,
          uniq_natasha

Skill      XL: |  1  2  3  4 |
---------------+-------------+-----
Poison Magic   | 4 |  4.8
Fighting       | 1 |  1.3
Transmutations | 2 |  2.0
Dodging        | |  2.0
Stealth        | |  2.6
Spellcasting   | |  2.5

Action                   |  1- 3 |  4- 6 || total
-------------------------+-------+-------++-------
Melee: Unarmed           |    11 |     4 ||    15
       Constrict         |     4 |     1 ||     5
       Tentacles         |     3 |       ||     3
 Cast: Sting             |    62 |    24 ||    86
Armor: Skin              |     5 |     1 ||     6
Dodge: Dodged            |    22 |    14 ||    36
